AoeStats
← DonkeyKong

Arabia

510445474Analyzed
1v1 RM · 3d ago on Oct 1, 2026· 25m 35s· 2 players
Game mode
Random Map
Map size
Tiny (2 player)
Population
200
Speed
Normal
Resources
Standard
Victory
Conquest
Starting age
Dark Age
Ending age
Imperial Age
RankedLock teamsTeams togetherTeam positionsShared explorationLock speedFull tech treeHidden civsTurbo modeCheats
Victory
Defeat
🇳🇿 Vikings · New Zealand
1383
+17
🇹🇼 Burgundians · Taiwan
1412
-17
leeshhgoooo
7:16 Loom
10:50 Feudal Age
11:18 Double-Bit Axe
11:14 Horse Collar
18:56 Padded Archer Armor
18:59 Fletching
19:58 Town Watch
25:25 Castle Age
24:00 Scale Barding Armor
24:59 Gold Mining
25:28 Forging
26:10 Heavy Plow
DonkeyKong
3:33 Double-Bit Axe
6:50 Loom
9:06 Feudal Age
16:42 Fletching
17:53 Padded Archer Armor
19:59 Horse Collar
20:30 Bow Saw
25:55 Castle Age
24:16 Gold Mining
Connection lost

Rejoining the realm…

Still unreachable

The connection could not be restored.

Session expired

The server has moved on; the page needs a fresh start.